 Dungeon Crawl Stone Soup version 0.31-a0-219-g8d62b2e7bb (webtiles) character file.

Game seed: 8380226778385529351

19 Midn8 the Insei (level 2, 15/16 HPs)
             Began as a Vine Stalker Monk on July 3, 2023.
             Quit the game on level 1 of the Dungeon.
             The game lasted 00:00:52 (276 turns).

Midn8 the Insei (Vine Stalker Monk)                  Turns: 276, Time: 00:00:52

Health: 15/16      AC:  2    Str: 13    XL:     2   Next: 75%
Magic:  3/3        EV: 12    Int: 10    God:
Gold:   5          SH:  0    Dex: 16    Spells: 1/1 levels left

rFire   . .          .
                       - Unarmed
rCold   . . .        c - orb {light}
rNeg    . . .        a - +0 robe
rPois   .            (no helmet)
rElec   .            (no cloak)
rCorr   .            (no gloves)
SInv    .            (no boots)
Will    .....        (no amulet)
Stlth   +            (no ring)
HPRegen 0.22/turn    (no ring)
MPRegen 0.08/turn

%: guardian spirit
@: glowing
A: fangs 2, magic shield, antimagic bite, no potion heal 2
a: no special abilities


You were on level 1 of the Dungeon.
You visited 1 branch of the dungeon, and saw 1 of its levels.

You collected 5 gold pieces.

Inventory:

Armour
 a - a +0 robe (worn)
 c - an orb of light (worn)
Scrolls
 d - a scroll of identify {unknown}
 e - a scroll of immolation {unknown}
Potions
 b - a potion of ambrosia
 f - 2 potions of curing {unknown}


   Skills:
 - Level 2.6 Fighting
 - Level 2.4 Dodging
 + Level 3.9 Unarmed Combat


You had one spell level left.
You didn't know any spells.
Your spell library was empty.

Dungeon Overview and Level Annotations

Branches:
Dungeon (1/15)

Altars:


Innate Abilities, Weirdness & Mutations

You have extremely sharp teeth.
When hurt, damage is shared between your health and your magic reserves.
Your bite disrupts and absorbs the magic of your enemies.
Potions cannot restore your health.


Message History

You see here a frilled lizard corpse.
A kobold comes into view. It is wielding a +0 short sword.
Found a stone staircase leading down.
The kobold shouts!
The kobold throws a stone.
The stone hits you but does no damage.
The kobold throws a stone.
The stone misses you. The kobold barely misses you.
You closely miss the kobold. The kobold hits you but does no damage.
You barely miss the kobold. You bite the kobold. You drain its power.
The kobold is heavily wounded.
The kobold barely misses you.
You hit the kobold.
You kill the kobold!
No target in view!
Things that are here:
a +0 short sword; 5 stones; a kobold corpse
Found a short sword.
Found an escape hatch in the floor.
A bat comes into view.
The bat hits you.
You hit the bat. You bite the bat, but do no damage.
The bat is moderately wounded.
The bat barely misses you.
Found a robe.
The bat closely misses you.
A rat comes into view.
The bat hits you but does no damage. The bat barely misses you.
You hit the bat. Your bite misses the bat.
The bat is severely wounded.
The bat closely misses you. The bat hits you.
You hit the bat but do no damage. You bite the bat.
You kill the bat!
The rat completely misses you.
You hit the rat but do no damage. You bite the rat, but do no damage.
The rat bites you.
You hit the rat.
You kill the rat!
No target in view!
Are you sure you want to abandon this character and quit the game? (Confirm with "yes".)
Okay, then.
Are you sure you want to abandon this character and quit the game? (Confirm with "yes".)

######### ##########
........# #........#
........# #........#
........# #........#
..[.....# #........#
........#####........###
.......@................
......................##
........####............
######### #...###......
#############รท#.# #...#..
.#.#.#.#.#.#.#)..# ##..#..
..............##.#########
.....#..........#..)######.
.......#.......####..#.....


There were no monsters in sight!

Vanquished Creatures
  3 endoplasms (D:1)
  2 goblins (D:1)
  3 hobgoblins (D:1)
  3 ball pythons (D:1)
  A bat (D:1)
  2 frilled lizards (D:1)
  2 kobolds (D:1)
  A rat (D:1)
17 creatures vanquished.

Notes
Turn   | Place    | Note
-------+----------+-------------------------------------------
     0 | D:1      | Midn8 the Vine Stalker Monk began the quest for the Orb.
     0 | D:1      | Reached XP level 1. HP: 11/11 MP: 2/2
    44 | D:1      | Reached XP level 2. HP: 16/16 MP: 1/3
   276 | D:1      | Quit the game

Illustrated notes

Levels and vault maps discovered:
D:1:      co_arrival_square_in_a_square_in_a_square, layout_basic,
          hangedman_decor_push, minmay_tetromino_t4

Action                     || total
---------------------------++-------
  Melee: Unarmed           ||    38
         Bite              ||    11
 Armour: Robe              ||     5
  Dodge: Dodged            ||    19

Table legend: (Time is in decaauts)
 A = Elapsed time spent in this place.
 B = Non-inter-level travel time spent in this place.
 C = Inter-level travel time spent in this place.
 D = Time resting spent in this place.
 E = Time spent auto-exploring this place.
 F = Levels seen in this place.
 G = Mean time per level.
                   A        B        C        D        E       F      G
               +--------+--------+--------+--------+--------+-----+--------+
         Total |    273 |    273 |      0 |     76 |    120 |   1 |  273.0 |
       Dungeon |    273 |    273 |      0 |     76 |    120 |   1 |  273.0 |
               +--------+--------+--------+--------+--------+-----+--------+

Top non-repeatable levels by time:
     D:1: 273 daAuts
